 Dungeon Crawl Stone Soup version bcrawl-1.27.5 (webtiles) character file.

Game seed: 15699724024337024581

297560 Banto the Carver (level 10, -6/75 HPs)
             Began as a Demigod Wanderer on Aug 11, 2020.
             Mangled by an efreet
             ... wielding a +2 scimitar of flaming
              (10 damage)
             ... on level 8 of the Dungeon.
             The game lasted 00:10:55 (8050 turns).

Banto the Carver (Demigod Wanderer)                 Turns: 8050, Time: 00:10:56

Health: -6/75      AC: 12    Str: 17    XL:     10   Next: 16%
Magic:  19/19      EV: 13    Int: 18    God:    Demigod [***...]
Gold:   520        SH:  4    Dex: 22    Spells: 9/9 levels left

rFire    + . .     SeeInvis .   p - +4 falchion
rCold    + . .     Gourm    .   (no shield)
rNeg     . . .     Faith    .   g - +0 scale mail
rPois    +         Spirit   .   k - +1 helmet
rElec    .         Reflect  .   (no cloak)
rCorr    +         Harm     .   n - +2 pair of gloves {Str+3}
MR       +....                  (no boots)
Stlth    +.........             (no amulet)
HPRegen  0.22/turn              i - ring of resist corrosion
MPRegen  0.16/turn              m - ring of protection from fire

@: no status effects
A: claws 1, cold resistance 1, high mp 1, poison resistance, no potion heal 1
a: Temporal Distortion, Growth, Major Destruction


You were on level 8 of the Dungeon.
You worshipped Demigod.
Demigod was most pleased with you.
You were hungry.

You visited 2 branches of the dungeon, and saw 9 of its levels.
You also visited: Ossuary.

You collected 520 gold pieces.

Inventory:

Hand Weapons
 o - a +0 scimitar
 p - a +4 falchion (weapon)
Missiles
 b - 200 poisoned tomahawks (quivered)
Armour
 g - a +0 scale mail (worn)
 k - a +1 helmet (worn)
 n - a +2 pair of gloves of strength (worn)
Jewellery
 i - a ring of resist corrosion (left hand)
 m - a ring of protection from fire (right hand)
Wands
 t - a wand of enslavement (10)
Scrolls
 c - 3 scrolls of remove curse
 d - 2 scrolls of blinking
 f - 3 scrolls of fear
 j - a scroll of fog
 q - a scroll of identify
 y - a scroll of torment
 A - a scroll of enchant armour
Potions
 a - a potion of agility
 h - 4 potions of curing
 l - 4 potions of haste
 u - a potion of invisibility
 v - 2 potions of cancellation
 w - a potion of brilliance
 x - a potion of ambrosia
 z - a potion of degeneration {unknown}
Comestibles
 e - 5 rations {!d}


   Skills:
 + Level 2.9 Fighting
 + Level 10.1 Long Blades
 - Level 1.7 Throwing
 - Level 5.0 Armour
 - Level 5.0 Dodging
 - Level 2.0 Stealth
 - Level 8.0 Invocations


You had 9 spell levels left.
You didn't know any spells.
Your spell library was empty.

Dungeon Overview and Level Annotations

Branches:
Dungeon (8/12)             Temple (1/1) D:6            Lair (0/6) D:7
    Orc: D:8-11

Annotations:
D:7 exclusion: statue


Innate Abilities, Weirdness & Mutations

You have an increased reservoir of magic. (+10% MP)
You have sharp fingernails.
Your flesh is cold resistant. (rC+)
Your system is resistant to poisons. (rPois)
Potions are less effective at restoring your health.


Message History

The efreet gestures at you. The bolt of fire misses you.
You hit the efreet but do no damage.
The efreet is severely wounded.
You hit the efreet.
The efreet is severely wounded.
The efreet gestures at you.
The fireball explodes!
You resist. The fireball engulfs you!
* * * LOW HITPOINT WARNING * * *
The fireball engulfs the efreet.
The efreet completely resists.
You hit the efreet but do no damage.
The efreet is severely wounded.
The efreet completely misses you.
You hit the efreet but do no damage.
The efreet is severely wounded.
You barely miss the efreet.
The efreet is severely wounded.
The efreet hits you with a +2 scimitar of flaming!
You die...
Your divinity fades.

.# # .# ..
#%# ..
####..####
#.##........#
..........#
#........#
#.<.!....#
#@.......#
#R.......#
#†.......#
#........#
#.....<..#
.†########
..# ..#


You could see an efreet.

Vanquished Creatures
  A cyclops (D:7)
  Pikel (D:5)
  An elephant (D:7)
  A troll (D:7)
  A hornet (D:6)
  2 crocodiles
  An orc warrior (D:4)
  3 slaves (D:5)
  3 ice beasts
  4 ogres
  3 phantoms
  A centaur (D:6)
  A big kobold (D:7)
  2 bullfrogs
  5 howler monkeys
  A bullfrog zombie (D:5)
  2 crimson imps
  A quasit (D:6)
  3 orc priests (D:7)
  A bullfrog skeleton (D:5)
  2 centaur skeletons
  3 orc wizards
  Terence (D:3)
  2 iguanas
  6 worker ants
  A big kobold zombie (Ossuary)
  A hound zombie (D:6)
  3 mummies (Ossuary)
  A howler monkey skeleton (D:4)
  7 adders
  An ooze (D:3)
  5 adder zombies (Ossuary)
  2 adder skeletons (D:4)
  7 worms
  2 dart slugs
  5 leopard geckos
  9 orcs
  A ball python (D:5)
  4 giant cockroaches
  7 hobgoblins
  8 jackals
  17 kobolds
  5 quokkas
  3 bats (D:2)
  4 frilled lizards
  3 goblins (D:1)
  3 goblin zombies (Ossuary)
  3 hobgoblin zombies (Ossuary)
  A kobold zombie (Ossuary)
  An orc zombie (Ossuary)
  2 quokka skeletons (D:6)
  2 quokka zombies (Ossuary)
  5 rats
  2 rat zombies (Ossuary)
167 creatures vanquished.

Vanquished Creatures (collateral kills)
  A sky beast (D:8)
  A bullfrog (D:8)
2 creatures vanquished.

Grand Total: 169 creatures vanquished

Notes
Turn   | Place    | Note
-------+----------+-------------------------------------------
     0 | D:1      | Banto the Demigod Wanderer began the quest for the Orb.
     0 | D:1      | Banto set off with the following items: a +2 dagger, 102
                  | poisoned tomahawks, a +0 shortbow, 146 arrows, a ration
                  | {!d}, a +0 robe, a +0 falchion
     0 | D:1      | Reached XP level 1. HP: 18/18 MP: 3/3
     8 | D:1      | Noticed a black mamba
     8 | D:1      | Noticed a crocodile
    11 | D:1      | Noticed a five-headed hydra
    14 | D:1      | Noticed a lindwurm
   184 | D:1      | Reached XP level 2. HP: 19/25 MP: 4/4
   244 | D:1      | Reached skill level 2 in Long Blades
   774 | D:1      | Reached XP level 3. HP: 29/30 MP: 5/5
  1071 | D:1      | Reached * piety under Demigod
  1340 | D:2      | Reached skill level 3 in Long Blades
  2354 | D:3      | Reached XP level 4. HP: 37/37 MP: 6/6
  2384 | D:3      | Reached skill level 1 in Invocations
  2696 | D:3      | Reached ** piety under Demigod
  2721 | D:3      | Noticed Terence
  2733 | D:3      | Reached XP level 5. HP: 38/42 MP: 7/9
  2751 | D:3      | Killed Terence
  3260 | D:4      | Noticed a hungry ghost
  3351 | D:4      | Reached XP level 6. HP: 47/50 MP: 10/10
  3390 | D:4      | Found a sand-covered staircase.
  3395 | Ossuary  | Entered an ossuary
  3413 | Ossuary  | Reached skill level 4 in Long Blades
  3766 | D:4      | Gained mutation: Your flesh is cold resistant. (rC+)
                  | [potion of mutation]
  3766 | D:4      | Gained mutation: Potions are less effective at restoring
                  | your health. [potion of mutation]
  3766 | D:4      | Gained mutation: Your system is resistant to poisons.
                  | (rPois) [potion of mutation]
  3766 | D:4      | Gained mutation: You have sharp fingernails. [potion of
                  | mutation]
  3775 | D:4      | Identified a scroll of acquirement
  3775 | D:4      | Identified the ring of Qazlal's Fury {rF+ EV+2} (You
                  | acquired it on level 4 of the Dungeon)
  4234 | D:4      | Reached XP level 7. HP: 56/56 MP: 12/12
  4497 | D:5      | Entered Level 5 of the Dungeon
  4497 | D:5      | Noticed a troll
  4791 | D:5      | Reached skill level 5 in Invocations
  5019 | D:5      | Reached skill level 5 in Long Blades
  5415 | D:6      | Noticed Pikel
  5571 | D:5      | Killed Pikel
  5571 | D:5      | Reached XP level 8. HP: 40/62 MP: 15/15
  5734 | D:6      | Reached *** piety under Demigod
  5736 | D:6      | Noticed a hornet
  5751 | D:6      | Killed a hornet
  5844 | D:6      | Reached skill level 5 in Armour
  5844 | D:6      | Reached skill level 5 in Dodging
  5892 | D:6      | Reached skill level 6 in Long Blades
  5909 | D:6      | Reached XP level 9. HP: 51/68 MP: 17/17
  6121 | D:6      | Found a staircase to the Ecumenical Temple.
  6130 | Temple   | Entered the Ecumenical Temple
  6164 | D:6      | Found a sparkling altar of Nemelex Xobeh.
  6173 | D:6      | Found a shadowy altar of Dithmenos.
  6182 | D:6      | Found a burning altar of Makhleb.
  6191 | D:6      | Found a shimmering blue altar of Sif Muna.
  6443 | D:6      | Reached skill level 7 in Long Blades
  6745 | D:7      | Found a white marble altar of Elyvilon.
  7009 | D:7      | Noticed a troll
  7193 | D:7      | Killed a troll
  7193 | D:7      | Reached skill level 8 in Long Blades
  7451 | D:7      | Noticed a cyclops
  7477 | D:7      | Reached skill level 9 in Long Blades
  7569 | D:7      | Killed a cyclops
  7569 | D:7      | Reached XP level 10. HP: 41/74 MP: 19/19
  7699 | D:7      | Noticed an elephant
  7717 | D:7      | Killed an elephant
  7717 | D:7      | Reached skill level 10 in Long Blades
  7756 | D:7      | Found a staircase to the Lair.
  8041 | D:8      | HP: 2/75 [efreet/bolt of fire (13)]
  8050 | D:8      | Mangled by an efreet

Skill      XL: |  1  2  3  4  5  6  7  8  9 10 |
---------------+-------------------------------+-----
Long Blades    | 2 3 4 5 6 9 10 | 10.1
Invocations    | 1 2 3 6 7 8 |  8.0
Armour         | 2 3 4 5 |  5.0
Dodging        | 2 4 5 |  5.0
Fighting       | |  2.9
Throwing       | |  1.7
Stealth        | |  2.0

Action                   |  1- 3 |  4- 6 |  7- 9 | 10-12 || total
-------------------------+-------+-------+-------+-------++-------
Melee: Dagger            |    59 |       |       |       ||    59
       Falchion          |   113 |   249 |   387 |    53 ||   802
Throw: Tomahawk          |     3 |     3 |    29 |     4 ||    39
Invok: Major Destruction |       |       |     3 |       ||     3
Evoke: Wand              |       |       |       |     2 ||     2
  Use: Scroll            |     2 |    10 |     8 |       ||    20
       Potion            |       |     4 |       |     1 ||     5
 Stab: Sleeping          |     5 |       |       |       ||     5
  Eat: Chunk             |     8 |    10 |    16 |     2 ||    36
       Ration            |       |     1 |     1 |       ||     2
Armor: Robe              |    26 |       |       |       ||    26
       Ring mail         |    15 |     6 |       |       ||    21
       Scale mail        |       |   109 |   115 |     7 ||   231
Dodge: Dodged            |   104 |   164 |   228 |    21 ||   517
Block: Other             |       |    12 |    38 |     1 ||    51
